 Dungeon Sprint DCSS version 0.27-a0-1046-g98bf31544f (webtiles) character file.

Game seed: 6978647195028302009

211 mhtbhm the Arsonist (level 5, -4/28 HPs)
             Began as a Deep Elf Fire Elementalist on Apr 19, 2021.
             Was a Believer of Vehumet.
             Killed from afar by a deep elf zephyrmancer (32 damage)
             ... with a bolt of lightning
             ... in the Dungeon (Sprint V: "Ziggurat Sprint").
             The game lasted 00:01:27 (308 turns).

mhtbhm the Arsonist (Deep Elf Fire Elementalist)     Turns: 308, Time: 00:01:28

Health: -4/28      AC:  5    Str:  5    XL:     5   Next: 57%
Magic:  11/16      EV: 14    Int: 33    God:    Vehumet [**....]
Gold:   0          SH:  0    Dex: 15    Spells: 2/18 levels left

rFire    + . .     SeeInvis .   C - +8 lance "Wyrmbane" {slay drac, rPois rF+ rC+ AC+3}
rCold    + . .     Faith    .   (no shield)
rNeg     . . .     Spirit   .   a - +0 robe
rPois    +         Reflect  .   (no helmet)
rElec    .         Harm     .   (no cloak)
rCorr    .         Rampage  .   (no gloves)
Will     .....     NoTele   +   (no boots)
Stlth    +++.......             (no amulet)
HPRegen  0.09/turn              u - +6 ring of intelligence
MPRegen  0.15/turn              v - +6 ring of intelligence

@: no status effects
A: no striking features
a: Renounce Religion


You were in the Dungeon.
You worshipped Vehumet.
Vehumet was pleased with you.
You visited 1 branch

Inventory:

Hand Weapons
 C - the +8 lance "Wyrmbane" (weapon) {slay drac, rPois rF+ rC+ AC+3}
   (You found it in the Dungeon)

   It affects your AC (+3).
   It protects you from fire.
   It protects you from cold.
   It protects you from poison.
Armour
 a - a +0 robe (worn)
Jewellery
 u - a +6 ring of intelligence (left hand)
 v - a +6 ring of intelligence (right hand)
Wands
 y - a wand of mindburst (7)
 z - a wand of iceblast (4)
 A - a wand of acid (7)
Scrolls
 h - 4 scrolls of blinking
 m - 4 scrolls of amnesia
 n - 7 scrolls of fog
 o - a scroll of holy word
 p - 5 scrolls of identify
 q - 2 scrolls of fear
Potions
 b - 2 potions of brilliance
 c - 10 potions of curing
 d - 10 potions of heal wounds
 e - 6 potions of haste
 f - 7 potions of magic
 g - 3 potions of berserk rage
 i - 2 potions of invisibility
 j - 4 potions of resistance
 k - a potion of experience
 l - 5 potions of might
Miscellaneous
 r - a box of beasts
 B - a lightning rod (4/4)


   Skills:
 + Level 5.4 Dodging
 + Level 5.1 Stealth
 + Level 7.2 Spellcasting
 + Level 1.8 Conjurations
 + Level 9.9 Fire Magic
 + Level 2.2 Evocations


You had 2 spell levels left.
You knew the following spells:

 Your Spells              Type           Power      Damage    Failure   Level
a - Foxfire               Conj/Fire      100%       2x1d9     1%          1
b - Conjure Flame         Conj/Fire      50%        6-21      1%          3
c - Inner Flame           Hex/Fire       44%        N/A       1%          3
d - Sticky Flame          Conj/Fire      50%        2d7       3%          4
e - Fireball              Conj/Fire      25%        3d11      10%         5

Your spell library contained the following spells:

 Spells                   Type           Power      Damage    Failure   Level
 Sandblast                Erth           22%        2d7       3%          1
 Ensorcelled Hibernation  Hex/Ice        22%        N/A       6%          2
 Slow                     Hex            11%        N/A       6%          2
 Cause Fear               Hex            5%         N/A       36%         4
 Metabolic Englaciation   Hex/Ice        5%         N/A       71%         5
 Silence                  Hex/Air        5%         N/A       71%         5


Dungeon Overview and Level Annotations

Branches:
Dungeon (1/1)

Altars:
Ashenzari
Cheibriados
Dithmenos
Elyvilon
Fedhas
Gozag
Hepliaklqana
Kikubaaqudgha
Makhleb
Nemelex Xobeh
Okawaru
Qazlal
Ru
Sif Muna
Trog
Uskayaw
Vehumet
Wu Jian
Xom
Yredelemnul
Zin
The Shining One
Beogh
Jiyva
Lugonu

Annotations:
D 1 transporter


Message History

You see here a staff of earth.
You see here a +3 antimagic morningstar.
You pick up the Volume of Enchantment and begin reading...
You add the spells Slow, Ensorcelled Hibernation, Cause Fear, Silence and Metabolic Englaciation to your library.
You start waiting.
Done waiting.
This spell is extremely dangerous to cast!
Memorise Fireball, consuming 5 spell levels and leaving 2?
You start memorising the spell.
You continue memorising. x5
You finish memorising.
Spell assigned to 'e'.
Unknown command.
There is a transporter here.
Welcome to arena 4.
You enter the transporter and appear at another place.
An earth elemental, a water elemental and 2 deep elf zephyrmancers come into view.
A deep elf zephyrmancer is wielding a +2 rapier of protection.
The deep elf zephyrmancer shouts!
The deep elf zephyrmancer unwields a +2 rapier of protection.
The deep elf zephyrmancer drops a +2 rapier of protection.
The deep elf zephyrmancer picks up a +2 long sword of flaming.
The deep elf zephyrmancer wields a +2 long sword of flaming.
It bursts into flame!
Found four items.
Found a transporter.
Cast which spell? (? or * to list)
The spell is extremely dangerous to cast (10% risk of failure)!
Continue anyway?
Aiming: Fireball (extremely dangerous; 10% risk of failure)
Press: ? - help, Shift-Dir - straight line, f - earth elemental
Aim: an earth elemental The fireball explodes!
The fireball engulfs the deep elf zephyrmancer!
The deep elf zephyrmancer is lightly wounded.
The fireball engulfs the water elemental!!
The water elemental is burned terribly!
The water elemental is severely damaged.
The fireball engulfs the earth elemental.
The earth elemental completely resists.
The deep elf zephyrmancer points at you and mumbles some strange words.
The bolt of lightning misses you. The bolt of lightning hits you!!
Ouch! That really hurt!
You die...

▓..©..▓..©..▓▓▓▓▓▓▓
▓▓▓▓▓▓▓▓▓▓▓▓▓▓
▓..8©8...▓
▓..="e...▓
▓...E....▓
▓..Ee....▓
........▓
▓.▓....▓.▓
▓...@....▓
▓▓▓▓▓▓▓▓▓▓


You could see an earth elemental, a water elemental and 2 deep elf
zephyrmancers.

Vanquished Creatures
  2 quasits (D)
  An iron imp (D)
  2 orc priests (D)
  2 orc wizards (D)
  A shadow imp (D)
  An orc (D)
9 creatures vanquished.

Notes
Turn   | Place    | Note
-------+----------+-------------------------------------------
     0 | D        | mhtbhm the Deep Elf Fire Elementalist began the quest for
                  | the Orb.
     0 | D        | Reached XP level 1. HP: 10/10 MP: 6/6
     0 | D        | Found a shimmering blue altar of Sif Muna.
     0 | D        | Found a bloodstained altar of Trog.
     0 | D        | Found a sacrificial altar of Ru.
     0 | D        | Found a stormy altar of Qazlal.
     0 | D        | Found an iron altar of Okawaru.
     1 | D        | Found a sparkling altar of Nemelex Xobeh.
     1 | D        | Found a blossoming altar of Fedhas.
     2 | D        | Found the +6 Majin-Bo {vamp, MP+6 Int+6}
     2 | D        | Found the +9 heavy crossbow "Sniper" {vorpal, Acc+∞ SInv}
     2 | D        | Found the +10 dark maul {vorpal}
     2 | D        | Found the +15 Maxwell's patent armour {-Cast -Tele rElec
                  | Will+ rCorr}
     2 | D        | Found the +18 shield of the Gong {rElec rN+ Will+ EV-5}
     2 | D        | Found the +14 obsidian axe {vorpal, Drain Fly SInv}
     2 | D        | Found the +7 great mace "Firestarter" {inner flame, rF++}
     2 | D        | Found the +6 shillelagh "Devastator" {shatter}
     2 | D        | Found the +11 plutonium sword {Contam Stlth-}
     2 | D        | Found the +8 lance "Wyrmbane" {slay drac, rPois rF+ rC+
                  | AC+3}
     2 | D        | Found the +9 sword of Zonguldrok {reap}
     2 | D        | Found the +13 scythe of Curses {drain, Drain}
     2 | D        | Found the +5 sword of Power {vorpal}
     2 | D        | Found the +7 mace of Variability {chain chaos}
     2 | D        | Found the +7 Singing Sword {vorpal, sonic wave}
     2 | D        | Found the +8 storm bow {elec, penet}
     3 | D        | Found a transporter.
     3 | D        | Found an ancient bone altar of Kikubaaqudgha.
     3 | D        | Found a viscous altar of Jiyva.
     3 | D        | Found a corrupted altar of Lugonu.
     3 | D        | Found a hazy altar of Hepliaklqana.
     3 | D        | Found a burning altar of Makhleb.
     3 | D        | Found an opulent altar of Gozag.
    25 | D        | Became a worshipper of Vehumet
    51 | D        | Entered arena 2.
    51 | D        | Noticed an orc priest
    51 | D        | Noticed an orc wizard
    51 | D        | Found a transporter.
    53 | D        | Killed an orc wizard
    53 | D        | Killed an orc priest
    54 | D        | Reached skill level 5 in Spellcasting
    54 | D        | Reached skill level 6 in Fire Magic
    54 | D        | Reached XP level 2. HP: 15/15 MP: 7/10
    54 | D        | Reached XP level 3. HP: 19/19 MP: 7/11
    64 | D        | Learned a level 3 spell: Conjure Flame
    68 | D        | Learned a level 3 spell: Inner Flame
    89 | D        | Entered arena 3.
    89 | D        | Found a transporter.
    90 | D        | Reached * piety under Vehumet
    90 | D        | Offered knowledge of Sandblast by Vehumet.
    91 | D        | Reached skill level 7 in Fire Magic
    91 | D        | Reached XP level 4. HP: 16/24 MP: 13/13
    92 | D        | Reached skill level 8 in Fire Magic
    92 | D        | Reached skill level 1 in Evocations
   186 | D        | Learned a level 4 spell: Sticky Flame
   187 | D        | Entered arena 4.
   187 | D        | Found a transporter.
   188 | D        | Reached ** piety under Vehumet
   190 | D        | Reached XP level 5. HP: 28/28 MP: 16/16
   191 | D        | Reached skill level 5 in Dodging
   191 | D        | Reached skill level 9 in Fire Magic
   192 | D        | Reached skill level 5 in Stealth
   198 | D        | Got the Volume of Enchantment
   305 | D        | Learned a level 5 spell: Fireball
   307 | D        | Entered arena 5.
   307 | D        | Noticed a water elemental
   307 | D        | Noticed a deep elf zephyrmancer
   307 | D        | Noticed a deep elf zephyrmancer
   307 | D        | Found a transporter.
   308 | D        | Killed from afar by a deep elf zephyrmancer

Illustrated notes

Levels and vault maps discovered:
D:        sprint_v [room_start, room_1, room_2, room_3, room_4, room_5, room_6,
          room_7, room_8, room_9, room_10, room_11, room_12, room_13, room_14,
          room_15, room_16, room_17, room_18, room_19, room_20, room_21,
          room_22, room_23, room_24, room_25, room_26, room_27]

Skill      XL: |  1  2  3  4  5 |
---------------+----------------+-----
Dodging        | 3 4 5 |  5.4
Stealth        | 3 4 5 |  5.1
Spellcasting   | 5 6 7 |  7.2
Fire Magic     | 6 7 8 9 |  9.9
Evocations     | 1 2 |  2.2
Conjurations   | |  1.8

Action                   |  1- 3 |  4- 6 || total
-------------------------+-------+-------++-------
 Cast: Fireball          |       |     1 ||     1
Evoke: Wand              |     3 |       ||     3
       Lightning rod     |       |     5 ||     5
Dodge: Dodged            |       |     1 ||     1

Table legend: (Time is in decaauts)
 A = Elapsed time spent in this place.
 B = Non-inter-level travel time spent in this place.
 C = Inter-level travel time spent in this place.
 D = Time resting spent in this place.
 E = Time spent auto-exploring this place.
 F = Levels seen in this place.
 G = Mean time per level.
                   A        B        C        D        E       F      G
               +--------+--------+--------+--------+--------+-----+--------+
         Total |    306 |    306 |      0 |    191 |      0 |   1 |  306.0 |
       Dungeon |    306 |    306 |      0 |    191 |      0 |   1 |  306.0 |
               +--------+--------+--------+--------+--------+-----+--------+

Top non-repeatable levels by time:
       D: 306 daAuts
